 Dungeon Crawl Stone Soup version 0.29-a0-668-g12ee2bf84d (webtiles) character file.

Game seed: 233983487563753223

87 tronn the Chiller (level 4, -4/32 HPs)
             Began as a Gnoll Ice Elementalist on June 23, 2022.
             Was an Initiate of Okawaru.
             Slain by a gnoll
             ... wielding a +0 spear
             ... led by a gnoll shaman
              (9 damage)
             ... on level 4 of the Dungeon.
             The game lasted 00:07:45 (1056 turns).

tronn the Chiller (Gnoll Ice Elementalist)          Turns: 1056, Time: 00:07:46

Health: -4/32      AC:  3    Str:  7    XL:     4   Next: 51%
Magic:  10/20      EV: 13    Int: 17    God:    Okawaru [......]
Gold:   26         SH:  0    Dex: 12    Spells: 5/13 levels left

rFire   . . .      SeeInvis .   f - +0 short sword
rCold   . . .      Faith    .   (no shield)
rNeg    . . .      Spirit   .   a - +0 robe
rPois   .          Reflect  .   (no helmet)
rElec   .          Harm     .   c - +0 cloak
rCorr   .          Rampage  .   (no gloves)
Will    .....                   (no boots)
Stlth   ++........              (no amulet)
HPRegen 0.10/turn               i - ring of magical power
MPRegen 0.17/turn               (no ring)

@: no status effects
A: fangs 1, strong nose, distributed training
a: Renounce Religion


You were on level 4 of the Dungeon.
You worshipped Okawaru.
Okawaru was noncommittal.
You visited 2 branches of the dungeon, and saw 5 of its levels.

You collected 26 gold pieces.

Inventory:

Hand Weapons
 d - a +0 club
 f - a +0 short sword (weapon)
 h - a +0 spear
Missiles
 k - 4 stones
Armour
 a - a +0 robe (worn)
 c - a +0 cloak (worn)
 l - a +0 scale mail
 n - a +0 leather armour
 o - a +1 cloak
Jewellery
 i - a ring of magical power (left hand)
Scrolls
 e - a scroll of magic mapping {unknown}
 g - a scroll of teleportation {unknown}
 j - a scroll of blinking {unknown}
 m - a scroll of vulnerability {unknown}
Potions
 b - a potion of magic


   Skills:
 + Level 1.1 Fighting
 + Level 1.1 Short Blades
 + Level 1.1 Long Blades
 + Level 1.1 Axes
 + Level 1.1 Maces & Flails
 + Level 1.1 Polearms
 + Level 1.1 Staves
 + Level 1.1 Slings
 + Level 1.1 Bows
 + Level 1.1 Crossbows
 + Level 1.1 Throwing
 + Level 1.1 Armour
 + Level 4.6 Dodging
 + Level 4.2 Stealth
 + Level 1.1 Shields
 + Level 1.1 Unarmed Combat
 + Level 5.1 Spellcasting
 + Level 0.9 Conjurations
 + Level 0.9 Hexes
 + Level 0.9 Summonings
 + Level 0.9 Necromancy
 + Level 0.9 Translocations
 + Level 0.9 Transmutations
 + Level 0.9 Fire Magic
 + Level 7.1 Ice Magic
 + Level 0.9 Air Magic
 + Level 0.9 Earth Magic
 + Level 0.9 Poison Magic
 + Level 1.2 Invocations
 + Level 1.1 Evocations


You had 5 spell levels left.
You knew the following spells:

 Your Spells              Type           Power      Damage    Failure   Level
a - Freeze                Ice            100%       1d11      1%          1
b - Apportation           Tloc           14%        N/A       10%         1
c - Ozocubu's Armour      Ice            28%        N/A       2%          3
d - Frozen Ramparts       Ice            56%        1d7       2%          3

Your spell library contained the following spells:

 Spells                   Type           Power      Damage    Failure   Level
 Necrotize                Necr           28%        1d5       10%         1
 Hailstorm                Conj/Ice       18%        3d6       26%         4
 Summon Small Mammal      Summ           Unusable   N/A       N/A         1

Dungeon Overview and Level Annotations

Branches:
Dungeon (4/15)             Temple (1/1) D:4

Altars:
Ashenzari
Cheibriados
Elyvilon
Gozag
Hepliaklqana
Kikubaaqudgha
Makhleb
Nemelex Xobeh
Okawaru
Qazlal
Ru
Sif Muna
Uskayaw
Vehumet
Wu Jian
Xom
Yredelemnul
Zin
The Shining One


Innate Abilities, Weirdness & Mutations

You have very sharp teeth.
Your uncanny sense of smell can sniff out nearby items.
Your experience applies equally to all skills.


Message History

Your Bows skill increases to level 1!
Your Crossbows skill increases to level 1!
Your Throwing skill increases to level 1!
Your Armour skill increases to level 1!
Your Shields skill increases to level 1!
Your Unarmed Combat skill increases to level 1!
Your Evocations skill increases to level 1!
You have reached level 4!
You feel clever.
Casting: Freeze (safe; 1% risk of failure)
Confirm with . or Enter, or press ? or * to list all spells.
You can't see any susceptible monsters within range! (Use Z to cast anyway.) Unknown command.
Your icy armour and frozen ramparts will break if you move.
Continue?
Your icy armour cracks and falls away as you move.
The frozen ramparts melt away as you move.
You see here a +1 cloak.
o - a +1 cloak The gnoll hits you with a +0 spear.
The gnoll barely misses you.
Casting: Freeze (safe; 1% risk of failure)
Confirm with . or Enter, or press ? or * to list all spells.
Aiming: Freeze (safe; 1% risk of failure)
Press: ? - help, Shift-Dir - straight line, f - gnoll
Aim: a gnoll, wielding a +0 spear You freeze the gnoll!
The gnoll is severely wounded.
The gnoll barely misses you. The gnoll hits you with a +0 spear.
* * * LOW HITPOINT WARNING * * *
Casting: Freeze (safe; 1% risk of failure)
Confirm with . or Enter, or press ? or * to list all spells.
Aiming: Freeze (safe; 1% risk of failure)
Press: ? - help, Shift-Dir - straight line, f/p - gnoll
Aim: a gnoll, wielding a +0 spear (severely wounded)
You freeze the gnoll!
You kill the gnoll!
Okawaru accepts your kill.
The gnoll hits you from afar with a +0 spear.
* * * LOW HITPOINT WARNING * * *
The gnoll hits you with a +0 spear!
You die...

##### ......##...#
......##...#
.......r##..)# ...
....##...# ....
...P#...#
."...##.##...+
#.P#..g#P..#
#....>rg@..#
##P#...#P..#
###.##...#
####'P.P#...#
#........####
#........#########.
##........#.........
+...........#######.
#####'#####..#


You could see 2 gnolls and a quokka.

Vanquished Creatures
  A gnoll shaman (D:4)
  An adder (D:4)
  3 gnolls
  A dart slug (D:4)
  3 ball pythons (D:1)
  3 goblins (D:1)
  2 hobgoblins (D:1)
  2 kobolds (D:1)
  A quokka (D:1)
  2 bats (D:1)
  2 rats (D:1)
21 creatures vanquished.

Vanquished Creatures (others)
  2 plants (D:4)
2 creatures vanquished.

Grand Total: 23 creatures vanquished

Notes
Turn   | Place    | Note
-------+----------+-------------------------------------------
     0 | D:1      | tronn the Gnoll Ice Elementalist began the quest for the
                  | Orb.
     0 | D:1      | Reached XP level 1. HP: 13/13 MP: 6/6
   100 | D:1      | Reached XP level 2. HP: 13/19 MP: 3/7
   341 | D:1      | Reached XP level 3. HP: 23/25 MP: 5/9
   343 | D:1      | Reached skill level 5 in Spellcasting
   378 | D:1      | Learned a level 1 spell: Apportation
   554 | D:2      | You fall into a shaft and drop 1 floor!
   647 | D:4      | Found an ornate altar of the Wu Jian Council.
   707 | D:4      | Noticed a spectral centipede
   707 | D:4      | Noticed a spectral black mamba
   707 | D:4      | Noticed a spectral scorpion
   707 | D:4      | Noticed a spectral cane toad
   829 | D:4      | Reached skill level 1 in Invocations
   951 | D:4      | Found a staircase to the Ecumenical Temple.
   971 | Temple   | Entered the Ecumenical Temple
  1027 | Temple   | Became a worshipper of Warmaster Okawaru
  1037 | Temple   | Learned a level 3 spell: Ozocubu's Armour
  1041 | Temple   | Learned a level 3 spell: Frozen Ramparts
  1050 | D:4      | Reached skill level 1 in Fighting
  1050 | D:4      | Reached skill level 1 in Short Blades
  1050 | D:4      | Reached skill level 1 in Long Blades
  1050 | D:4      | Reached skill level 1 in Axes
  1050 | D:4      | Reached skill level 1 in Maces & Flails
  1050 | D:4      | Reached skill level 1 in Polearms
  1050 | D:4      | Reached skill level 1 in Staves
  1050 | D:4      | Reached skill level 1 in Slings
  1050 | D:4      | Reached skill level 1 in Bows
  1050 | D:4      | Reached skill level 1 in Crossbows
  1050 | D:4      | Reached skill level 1 in Throwing
  1050 | D:4      | Reached skill level 1 in Armour
  1050 | D:4      | Reached skill level 1 in Shields
  1050 | D:4      | Reached skill level 1 in Unarmed Combat
  1050 | D:4      | Reached skill level 1 in Evocations
  1050 | D:4      | Reached XP level 4. HP: 12/32 MP: 11/11
  1056 | D:4      | Slain by a gnoll

Illustrated notes

Levels and vault maps discovered:
D:1:      minmay_arrival_plants_in_alcoves, layout_loops_ring,
          kennysheep_flooded_box
D:2:      layout_rooms, chequers_ecumenical_altar_simple, due_unseen_surprise
D:3:      layout_rooms, minmay_vboxes
D:4:      wander_river, layout_basic, mainiacjoe_overflow_six_doors_small,
          pdpol_wu_jian_five_deadly_venoms, minmay_temple_entry_gardened_gates
Temple:   dpeg_three_leaves_temple

Skill      XL: |  1  2  3 |
---------------+----------+-----
Spellcasting   | 5 |  5.1
Invocations    | 1 |  1.2
Fighting       | 1 |  1.1
Short Blades   | 1 |  1.1
Long Blades    | 1 |  1.1
Axes           | 1 |  1.1
Maces & Flails | 1 |  1.1
Polearms       | 1 |  1.1
Staves         | 1 |  1.1
Slings         | 1 |  1.1
Bows           | 1 |  1.1
Crossbows      | 1 |  1.1
Throwing       | 1 |  1.1
Armour         | 1 |  1.1
Shields        | 1 |  1.1
Unarmed Combat | 1 |  1.1
Evocations     | 1 |  1.1
Dodging        | |  4.6
Stealth        | |  4.2
Conjurations   | |  0.9
Hexes          | |  0.9
Summonings     | |  0.9
Necromancy     | |  0.9
Translocations | |  0.9
Transmutations | |  0.9
Fire Magic     | |  0.9
Ice Magic      | |  7.1
Air Magic      | |  0.9
Earth Magic    | |  0.9
Poison Magic   | |  0.9

Action                   |  1- 3 |  4- 6 || total
-------------------------+-------+-------++-------
Melee: Short sword       |    20 |       ||    20
       Unarmed           |     1 |       ||     1
       Bite              |     1 |       ||     1
 Cast: Freeze            |    25 |     2 ||    27
       Ozocubu's Armour  |     1 |       ||     1
       Frozen Ramparts   |     1 |       ||     1
Armor: Robe              |    14 |       ||    14
Dodge: Dodged            |    38 |     2 ||    40

Table legend: (Time is in decaauts)
 A = Elapsed time spent in this place.
 B = Non-inter-level travel time spent in this place.
 C = Inter-level travel time spent in this place.
 D = Time resting spent in this place.
 E = Time spent auto-exploring this place.
 F = Levels seen in this place.
 G = Mean time per level.
                   A        B        C        D        E       F      G
               +--------+--------+--------+--------+--------+-----+--------+
         Total |   1080 |   1001 |     79 |     18 |    531 |   5 |  216.0 |
       Dungeon |   1009 |    935 |     74 |     18 |    482 |   4 |  252.2 |
        Temple |     70 |     65 |      5 |      0 |     49 |   1 |   70.0 |
               +--------+--------+--------+--------+--------+-----+--------+

Top non-repeatable levels by time:
     D:1: 554 daAuts
     D:4: 436 daAuts
  Temple: 70 daAuts
     D:3: 19 daAuts
